 Dungeon Crawl Stone Soup version 0.31.0-32-g396128a36d (webtiles) character file.

Game seed: 2690718344776712677

4575 FractalFalcon the Zephyrmancer (level 10, -4/63 HPs)
             Began as a Tengu Summoner on Mar 29, 2024.
             Was an Initiate of Ashenzari.
             Killed from afar by a rime drake (30 damage)
             ... with an icy flash freeze
             ... on level 8 of the Dungeon.
             The game lasted 00:18:43 (6683 turns).

FractalFalcon the Zephyrmancer (Tengu Summoner)     Turns: 6683, Time: 00:18:44

Health: -4/63      AC: 11    Str:  8    XL:     10   Next: 41%
Magic:  12/15      EV: 16    Int: 20    God:    Ashenzari [......]
Gold:   540        SH:  0    Dex: 13    Spells: 5/15 levels left

rFire   . . .        i - staff of Ouranomancy (curse) {rElec Air, !a, Dev, Fort} (curse)
rCold   . . .        (no shield)
rNeg    . . .        J - +1 robe {Will+}
rPois   .            E - +1 hat
rElec   +            F - +2 cloak
rCorr   .            (no gloves)
SInv    .            (boots unavailable)
Will    +....        p - amulet of magic regeneration
Stlth   ++           T - +4 ring of protection
HPRegen 0.30/turn    Y - +4 ring of slaying
MPRegen 0.54/turn

%: acrobat
@: unable to call your familiar, flying
A: beak, talons 3, evasive flight, acrobatic, clumsy 1, wild magic 1, noise
suppression
a: Renounce Religion, Curse Item, Shatter the Chains


You were on level 8 of the Dungeon.
You worshipped Ashenzari.
Ashenzari was noncommittal.
You visited 2 branches of the dungeon, and saw 9 of its levels.
You also visited: Ossuary.

You collected 540 gold pieces.


Innate Abilities, Weirdness & Mutations

You have a beak for a mouth.
You have claws for feet.
Your magical flight helps you evade attacks. (EV +4)
You can magically evade attacks while moving or waiting.
You are clumsy. (Dex -2)
Your spells are a little harder to cast, but a little more powerful.
You passively dampen the noise of your surroundings.


   Skills:
 - Level 7.0 Fighting
 + Level 5.2 Staves
 - Level 1.0(1.2) Armour
 - Level 2.1 Dodging
 - Level 2.0 Stealth
 + Level 3.9(4.3) Shields
 - Level 3.0 Spellcasting
 - Level 9.0 Summonings
 - Level 9.0 Air Magic
 - Level 5.8(6.2) Evocations


You had 5 spell levels left.
You knew the following spells:

 Your Spells              Type           Power      Damage    Failure   Level
c - Call Imp              Summ           100%       N/A       1%          2
f - Call Canine Familiar  Summ           50%        N/A       2%          3
l - Summon Lightning Spi  Summ/Air       66%        N/A       6%          4
z - Summon Small Mammal   Summ           100%       N/A       1%          1

Your spell library contained the following spells:

 Spells                   Type           Power      Damage    Failure   Level
 Swiftness                Air            66%        N/A       2%          3
 Necrotise                Necr           12%        1d4       21%         1
 Ensorcelled Hibernation  Hex/Ice        6%         N/A       30%         2
 Jinxbite                 Hex            6%         N/A       30%         2
 Scorch                   Fire           6%         2d5       30%         2
 Martyr's Knell           Necr/Summ      27%        N/A       30%         4
 Summon Blazeheart Golem  Fire/Summ      27%        N/A       30%         4
 Passwall                 Erth           3%         N/A       47%         3
 Vampiric Draining        Necr           3%         2d6       47%         3
 Flame Wave               Conj/Fire      3%         2d5       86%         4
 Curse of Agony           Necr           3%         N/A       99%         5
 Yara's Violent Unravell  Hex/Alch       1%         3d3       99%         5
 Summon Cactus Giant      Summ           25%        N/A       56%         6
 Enfeeble                 Hex            1%         N/A       100%        7

Inventory:

Hand Weapons
 c - a +0 whip
 n - a +2 sling of freezing
Armour
 g - a +2 chain mail of fire resistance
 E - a +1 hat (worn)
 F - a +2 cloak (worn)
 G - a +0 buckler
 J - a +1 robe of willpower (worn)
Magical Staves
 i - the cursed staff of Ouranomancy (weapon) {rElec Air, !a, Dev, Fort}
   (You found it on level 7 of the Dungeon)

   [staff of air]

   Base accuracy: +5 Base damage: 5 Base attack delay: 1.2 This weapon's minimum
   attack delay (0.6) is reached at skill level 12.
   rElec:     It insulates you from electricity.
   Air:       It increases the power of your Air spells.
   It falls into the 'Staves' category.
   It is a one-handed weapon.
   It has a curse which improves the following skills: Devices: Evocations and
   Shapeshifting.
   Fortitude: Armour and Shields.
Jewellery
 p - an amulet of magic regeneration (around neck)
 T - a +4 ring of protection (left hand)
 Y - a +4 ring of slaying (right hand)
Wands
 r - a wand of iceblast (2)
 y - a wand of paralysis (10)
 z - a wand of flame (32)
 I - a wand of acid (5)
Scrolls
 d - 3 scrolls of revelation {unknown}
 e - 6 scrolls of teleportation {unknown}
 h - a scroll of blinking {unknown}
 q - 5 scrolls of noise {unknown}
 t - 3 scrolls of fog {unknown}
 w - a scroll of fear {unknown}
 A - a scroll of torment {unknown}
 B - 3 scrolls of enchant armour {unknown}
 C - a scroll of immolation {unknown}
Potions
 b - 2 potions of magic
 f - a potion of berserk rage {!q}
 j - a potion of heal wounds {@q2}
 k - a potion of brilliance
 l - a potion of might {unknown}
 m - 2 potions of mutation
 o - 2 potions of lignification
 s - 4 potions of curing {@q1}
 u - 2 potions of attraction
 x - a potion of haste {@q3}
 H - a potion of resistance

Dungeon Overview and Level Annotations

Branches:
Dungeon (8/15)             Temple (1/1) D:4         Ossuary (visited)
   Lair: D:8-11

Altars:
Ashenzari
Dithmenos
Elyvilon
Fedhas
Gozag
Kikubaaqudgha
Nemelex Xobeh
Okawaru
Qazlal
Ru
Trog
Vehumet
Wu Jian
Xom
Yredelemnul
Zin
The Shining One

Shops:
D:5

? ▒.▒.▒ ▒..+ #..▒ ▒.
▒.▒.▒ ▒..+ #..▒▒▒▒▒.
▒.▒.▒▒▒..# #........
▒.▒?▒▒...######.......[
▒▒▒▒▒▒▒▒▒
▒.▒.▒▒..!........▒▒▒▒▒▒
.<.......
▒.▒.▒▒.▒▒▒.▒.▒▒.▒▒ ▒
.▒▒▒▒▒▒▒▒ ▒...▒▒.▒
▒.▒.▒▒.▒ ▒ .▒ ▒....▒.▒
▒.▒.▒▒.▒ ▒ .▒
▒<▒▒▒5@▒▒▒.▒.▒▒.▒ ▒ .▒
▒.▒ ▒.k§.....▒▒.▒ ▒ .▒
▒.▒▒▒).▒▒▒▒▒▒▒▒.▒ ▒ .▒
▒....▒)▒ ▒.▒ .▒
▒)▒.▒▒.▒▒▒▒ .▒
▒$▒.▒▒....▒▒ ▒▒
▒.▒.▒▒.....#
▒.▒........!
▒.▒#........


You could see a rime drake (catching breath, ally target) and a friendly
cerulean imp (summoned).


Message History

You kill the two-headed ogre!
The bolt of acid hits the wight!
The acid corrodes the wight!
You destroy the wight!
Your cerulean imp hits the polar bear but does no damage.
Your lightning spire shoots out a bolt of lightning at the polar bear!
The bolt of electricity hits the polar bear!
The bolt of electricity hits the polar bear!!
The bolt of electricity hits your lightning spire.
Training target 7.0 for Fighting reached!
Your Fighting skill increases to level 7!
You need to enable at least one skill for training.
Training target 6.0 for Evocations reached!
Your base Evocations skill increases to level 5!
You need to enable at least one skill for training.
Unknown command.
Unknown command.
Unknown command.
You closely miss the polar bear.
You claw the polar bear, but do no damage.
You peck the polar bear.
You kill the polar bear!
Your cerulean imp hits the rime drake with a +1 spear.
Unknown command.
Unknown command.
You hit the rime drake. Your kick misses the rime drake.
The rime drake is lightly wounded.
Your lightning spire disappears in a puff of smoke!
The rime drake breathes ice at you. The icy flash freeze hits you!!
You die...

Skill      XL: |  1  2  3  4  5  6  7  8  9 10 |
---------------+-------------------------------+-----
Fighting       | 1 2 3 4 6 7 |  7.0
Summonings     | 5 6 7 9 |  9.0
Spellcasting   | 3 |  3.0
Air Magic      | 3 7 9 |  9.0
Staves         | 2 5 |  5.2
Evocations     | 1 4 5 |  5.8
Armour         | 1 |  1.0
Shields        | 2 3 |  3.9
Dodging        | |  2.1
Stealth        | |  2.0

Action                     |  1- 3 |  4- 6 |  7- 9 | 10-12 || total
---------------------------+-------+-------+-------+-------++-------
  Melee: Whip              |    81 |       |    35 |       ||   116
         Unarmed           |     7 |       |       |       ||     7
         Peck              |    17 |       |    34 |     2 ||    53
         Kick              |    19 |       |    56 |     2 ||    77
         Punch             |     3 |       |     2 |       ||     5
         Staff             |       |       |   128 |     7 ||   135
   Fire: Sling             |       |   115 |    29 |       ||   144
   Cast: Call Imp          |     3 |     1 |     4 |     1 ||     9
         Call Canine Famil |     1 |     1 |     6 |     1 ||     9
         Summon Lightning  |       |       |    17 |     2 ||    19
 Invoke: Curse Item        |       |       |     1 |       ||     1
  Evoke: Wand              |       |       |    10 |     2 ||    12
    Use: Potion            |       |       |     4 |       ||     4
         Scroll            |       |       |     7 |       ||     7
   Stab: Sleeping          |     3 |       |     4 |       ||     7
         Distracted        |       |       |     4 |       ||     4
 Armour: Robe              |    46 |    22 |   105 |     7 ||   180
         Skin              |       |       |    10 |       ||    10
  Dodge: Dodged            |    48 |    25 |   176 |     4 ||   253

Levels and vault maps discovered:
D:1:      minmay_arrival_stair_chambers, layout_loops_ring
D:2:      layout_rooms, hellmonk_ecumenical_altar_pennies_from_heaven,
          chequers_serial_rivers_small_b, nrook_mini_backslash,
          hangedman_glass_teeth, amcnicky_mini_rare_corridor_liquid
D:3:      layout_basic, mainiacjoe_overflow_24_doors, st_stairs_10
D:4:      layout_gridville, minmay_temple_entry_overgrown, minivault_4
D:5:      layout_cave_pools, nicolae_overflow_hidden_temple, serial_shops,
          nicolae_shop_hallway_plus
D:6:      layout_basic, grunt_ministairs_8
D:7:      gammafunk_steamed_eel, layout_cave_pools,
          chequers_temple_overflow_minitemple, nicolae_ossuary_entry_catacombs,
          kennysheep_big_empty_room
D:8:      layout_loops_ring, nicolae_uskayaw_dance_hall, general_overflow_altar,
          amethyst_overflow_temple_binary, hellmonk_lair_entry_icy,
          minmay_statues_item, uniq_psyche, uniq_maurice
Temple:   dshaligram_water_room_temple

Notes
Turn   | Place    | Note
-------+----------+-------------------------------------------
     0 | D:1      | FractalFalcon the Tengu Summoner began the quest for the
                  | Orb.
     0 | D:1      | Reached XP level 1. HP: 10/10 MP: 4/4
    47 | D:1      | Reached skill level 1 in Fighting
   116 | D:1      | Reached XP level 2. HP: 14/16 MP: 6/6
   126 | D:1      | Reached skill level 2 in Fighting
   129 | D:1      | Learned a level 2 spell: Call Imp
   218 | D:1      | Reached skill level 5 in Summonings
   696 | D:2      | Reached XP level 3. HP: 15/21 MP: 7/7
   825 | D:2      | Learned a level 3 spell: Call Canine Familiar
   917 | D:2      | Found a faded altar of an unknown god.
  1018 | D:2      | Reached skill level 6 in Summonings
  1018 | D:2      | Reached XP level 4. HP: 5/26 MP: 3/8
  1691 | D:3      | Found a shimmering altar of Xom.
  1761 | D:3      | You fall into a shaft and drop 2 floors!
  1761 | D:5      | Entered Level 5 of the Dungeon
  1777 | D:5      | Reached skill level 7 in Summonings
  1777 | D:5      | Reached XP level 5. HP: 30/30 MP: 9/9
  2056 | D:3      | Reached skill level 3 in Fighting
  2634 | D:4      | Reached skill level 3 in Spellcasting
  2634 | D:4      | Reached XP level 6. HP: 34/37 MP: 9/11
  2648 | D:4      | Found a staircase to the Ecumenical Temple.
  2657 | Temple   | Entered the Ecumenical Temple
  2689 | Temple   | Became a worshipper of Ashenzari the Shackled
  3030 | D:5      | Reached skill level 4 in Fighting
  3035 | D:5      | Learned a level 4 spell: Summon Lightning Spire
  3072 | D:5      | Reached skill level 2 in Air Magic
  3214 | D:5      | Reached skill level 3 in Air Magic
  3215 | D:5      | Gained mutation: Your magical flight helps you evade
                  | attacks. (EV +4) [Tengu growth]
  3215 | D:5      | Reached XP level 7. HP: 40/43 MP: 9/12
  3343 | D:5      | Reached skill level 4 in Air Magic
  3380 | D:5      | Gained mutation: You are clumsy. (Dex -2) [potion of
                  | mutation]
  3380 | D:5      | Gained mutation: Your spells are a little harder to cast,
                  | but a little more powerful. [potion of mutation]
  3380 | D:5      | Gained mutation: You passively dampen the noise of your
                  | surroundings. [potion of mutation]
  3384 | D:5      | Reached skill level 5 in Air Magic
  3386 | D:5      | Reached skill level 6 in Air Magic
  3649 | D:5      | Found Tokkessu's Magic Scroll Emporium.
  3655 | D:5      | Reached skill level 7 in Air Magic
  3684 | D:5      | Reached XP level 8. HP: 48/48 MP: 10/13
  4005 | D:6      | Reached skill level 8 in Summonings
  4046 | D:6      | Reached skill level 8 in Air Magic
  4388 | D:6      | Reached skill level 9 in Air Magic
  4559 | D:7      | Found a transporter.
  4578 | D:7      | Found a transporter.
  4748 | D:7      | Found a sand-covered staircase.
  4753 | Ossuary  | Entered an ossuary
  4799 | Ossuary  | Reached skill level 1 in Staves
  4799 | Ossuary  | Reached skill level 1 in Evocations
  4985 | Ossuary  | Reached skill level 2 in Staves
  4985 | Ossuary  | Reached skill level 9 in Summonings
  5060 | Ossuary  | Reached XP level 9. HP: 52/52 MP: 14/14
  5136 | Ossuary  | Reached skill level 2 in Evocations
  5316 | D:7      | Reached skill level 3 in Staves
  5395 | D:7      | Found a bloodstained altar of Trog.
  5395 | D:7      | Found a faded altar of an unknown god.
  5402 | D:7      | Found a faded altar of an unknown god.
  5405 | D:7      | Found an ornate altar of the Wu Jian Council.
  5407 | D:7      | Found a white marble altar of Elyvilon.
  5508 | D:7      | Reached skill level 3 in Evocations
  5561 | D:7      | Noticed a two-headed ogre
  5575 | D:7      | Killed a two-headed ogre
  5576 | D:7      | Reached skill level 5 in Staves
  5576 | D:7      | Reached skill level 4 in Evocations
  5577 | D:7      | Reached skill level 1 in Armour
  5764 | D:7      | Reached skill level 5 in Fighting
  6412 | D:8      | Noticed Psyche
  6415 | D:8      | Killed Psyche
  6416 | D:8      | Reached skill level 6 in Fighting
  6416 | D:8      | Reached skill level 2 in Shields
  6430 | D:8      | Identified a potion of resistance
  6541 | D:8      | Noticed Maurice
  6604 | D:8      | Reached XP level 10. HP: 60/60 MP: 13/15
  6606 | D:8      | Killed Maurice
  6607 | D:8      | Reached skill level 3 in Shields
  6664 | D:8      | Noticed a two-headed ogre
  6681 | D:8      | Killed a two-headed ogre
  6682 | D:8      | Reached skill level 7 in Fighting
  6682 | D:8      | Reached skill level 5 in Evocations
  6683 | D:8      | Killed from afar by a rime drake

Vanquished Creatures
  A two-headed ogre (D:8)
  Maurice (D:8)
  A polar bear (D:8)
  A black bear (D:6)
  2 ogres
  A centaur (D:5)
  A bullfrog (D:8)
  2 elf zombies
  An elf skeleton (D:7)
  3 scorpions (D:5)
  2 wights (D:8)
  A burial acolyte (Ossuary)
  5 electric eels (D:7)
  2 human zombies (Ossuary)
  2 jellies (D:5)
  2 bombardier beetles
  5 hounds
  An orc priest (D:6)
  3 sleepcaps
  3 iguanas
  A human skeleton (D:7)
  An orc wizard (D:4)
  A crocodile zombie (Ossuary)
  2 hound zombies (Ossuary)
  An adder (D:6)
  A gnoll (D:2)
  A shadow imp (D:5)
  A white imp (D:7)
  2 adder zombies (Ossuary)
  A dart slug (D:1)
  4 ribbon worms
  7 orcs
  4 ball pythons
  An endoplasm (D:1)
  6 giant cockroaches
  A gnoll zombie (Ossuary)
  4 goblins
  7 hobgoblins
  8 jackals
  5 kobolds
  7 quokkas
  3 frilled lizards
  2 jackal zombies (Ossuary)
  6 kobold zombies (Ossuary)
  3 orc skeletons (D:7)
120 creatures vanquished.

Vanquished Creatures (collateral kills)
  A two-headed ogre (D:7)
  Psyche (D:8)
  A black bear (D:6)
  An orc warrior (D:8)
  A sky beast (D:7)
  A wight (D:8)
  4 killer bees (D:7)
  2 orc priests
  An iguana (D:6)
  2 orc wizards
  A crocodile zombie (Ossuary)
  3 mummies (Ossuary)
  An adder (D:5)
  2 gnolls (D:2)
  A shadow imp (D:7)
  A white imp (D:6)
  An adder zombie (Ossuary)
  A jackal (D:5)
  3 ball python zombies (Ossuary)
  A frilled lizard (D:1)
  2 jackal zombies (Ossuary)
  2 kobold zombies (Ossuary)
34 creatures vanquished.

Grand Total: 154 creatures vanquished

Table legend: (Time is in decaauts)
 A = Elapsed time spent in this place.
 B = Non-inter-level travel time spent in this place.
 C = Inter-level travel time spent in this place.
 D = Time resting spent in this place.
 E = Time spent auto-exploring this place.
 F = Levels seen in this place.
 G = Mean time per level.
                   A        B        C        D        E       F      G
               +--------+--------+--------+--------+--------+-----+--------+
         Total |   6775 |   6300 |    475 |   1155 |   3809 |  10 |  677.5 |
       Dungeon |   6225 |   5760 |    465 |   1017 |   3609 |   8 |  778.1 |
        Temple |     23 |     13 |     10 |      0 |      0 |   1 |   23.0 |
       Ossuary |    525 |    525 |      0 |    138 |    200 |   1 |  525.0 |
               +--------+--------+--------+--------+--------+-----+--------+

Top non-repeatable levels by time:
     D:7: 1063 daAuts
     D:2: 1009 daAuts
     D:5: 846 daAuts
     D:6: 780 daAuts
     D:4: 777 daAuts
     D:3: 670 daAuts
     D:1: 625 daAuts
 Ossuary: 525 daAuts
     D:8: 451 daAuts
  Temple: 23 daAuts

Table legend:
 A = Non-vault XP
 B = Vault XP
 C = Vault XP percentage of total XP
 D = Non-vault monster count
 E = Vault monster count
 F = Vault count percentage of total count
                 A         B        C        D         E       F
            +---------+---------+-------+---------+---------+-------
      Total |    4419 |    2118 |  32.4 |     107 |      47 |  30.5
            +---------+---------+-------+---------+---------+-------
        D:1 |      32 |       0 |   0.0 |      17 |       0 |   0.0
        D:2 |      66 |       0 |   0.0 |      16 |       0 |   0.0
        D:3 |      24 |      53 |  68.8 |      11 |       2 |  15.4
        D:4 |     218 |       0 |   0.0 |      15 |       0 |   0.0
        D:5 |     837 |       0 |   0.0 |      20 |       0 |   0.0
        D:6 |     468 |     136 |  22.5 |       6 |       4 |  40.0
        D:7 |    1511 |     321 |  17.5 |      15 |       8 |  34.8
        D:8 |    1263 |    1173 |  48.2 |       7 |       3 |  30.0
    Ossuary |       0 |     435 | 100.0 |       0 |      30 | 100.0
            +---------+---------+-------+---------+---------+-------
